 Dungeon Crawl Stone Soup version 0.30.1-4-g462c640d31 (webtiles) character file.

Game seed: 12299110384650758205

4 safid the Chiller (level 1, 0/14 HPs)
             Began as a Merfolk Ice Elementalist on Aug 21, 2023.
             Slain by a ball python (1 damage)
             ... on level 1 of the Dungeon.
             The game lasted 00:00:20 (203 turns).

safid the Chiller (Merfolk Ice Elementalist)         Turns: 203, Time: 00:00:21

Health: 0/14       AC:  2    Str:  8    XL:     1   Next: 60%
Magic:  0/3        EV:  9    Int: 14    God:
Gold:   11         SH:  0    Dex: 14    Spells: 3/4 levels left

rFire   . . .        c - +0 dagger
rCold   . . .        (no shield)
rNeg    . . .        a - +0 robe
rPois   .            (no helmet)
rElec   .            (no cloak)
rCorr   .            (no gloves)
SInv    .            (no boots)
Will    .....        (no amulet)
Stlth   ++           (no ring)
HPRegen 0.22/turn    (no ring)
MPRegen 0.08/turn

%: no passive effects
@: very slightly contaminated, constricted
A: (nimble swimmer 2), mertail
a: no special abilities


You were on level 1 of the Dungeon.
You visited 1 branch of the dungeon, and saw 1 of its levels.

You collected 11 gold pieces.

Inventory:

Hand Weapons
 c - a +0 dagger (weapon)
Armour
 a - a +0 robe (worn)
Potions
 b - a potion of magic


   Skills:
 + Level 0.4 Fighting
 - Level 2.6 Dodging
 - Level 2.1 Stealth
 + Level 2.1 Spellcasting
 + Level 4.4 Ice Magic


You had 3 spell levels left.
You knew the following spells:

 Your Spells              Type           Power      Damage    Failure   Level
a - Freeze                Ice            56%        1d7       3%          1

Your spell library contained the following spells:

 Spells                   Type           Power      Damage    Failure   Level
 Frozen Ramparts          Ice            28%        1d5       11%         3
 Ozocubu's Armour         Ice            14%        N/A       11%         3
 Summon Ice Beast         Ice/Summ       7%         N/A       67%         4


Dungeon Overview and Level Annotations

Branches:
Dungeon (1/15)

Altars:


Innate Abilities, Weirdness & Mutations

((You are very nimble when in or above water. (Stealth+, EV+, Speed+++)))
Your lower body shifts to a powerful aquatic tail in water.


Message History

Casting: Freeze (safe; 3% risk of failure)
Confirm with . or Enter, or press ? or * to list all spells.
Aiming: Freeze (safe; 3% risk of failure)
Press: ? - help, Shift-Dir - straight line, f - goblin
Aim: a goblin, wielding a +0 club You freeze the goblin.
The goblin is moderately wounded.
The goblin barely misses you. The goblin hits you but does no damage.
The ball python barely misses you. The ball python constricts you.
Casting: Freeze (safe; 3% risk of failure)
Confirm with . or Enter, or press ? or * to list all spells.
Aiming: Freeze (safe; 3% risk of failure)
Press: ? - help, Shift-Dir - straight line, f/p - goblin
Aim: a goblin, wielding a +0 club (moderately wounded)
You miscast Freeze.
You are very lightly contaminated with residual magic.
Nothing appears to happen.
The ball python bites you but does no damage.
The ball python constricts you. The goblin hits you with a +0 club.
The goblin misses you.
Casting: Freeze (safe; 3% risk of failure)
Confirm with . or Enter, or press ? or * to list all spells.
Aiming: Freeze (safe; 3% risk of failure)
Press: ? - help, Shift-Dir - straight line, f/p - goblin
Aim: a goblin, wielding a +0 club (moderately wounded)
You freeze the goblin.
You kill the goblin!
The ball python bites you. The ball python constricts you.
A frilled lizard comes into view.
The goblin hits you with a +0 dagger.
* * * LOW HITPOINT WARNING * * *
Unknown command.
You barely miss the goblin. The ball python closely misses you.
The ball python constricts you. The goblin hits you with a +0 dagger.
* * * LOW HITPOINT WARNING * * *
The ball python barely misses you. The ball python constricts you.
Unknown command.
You closely miss the goblin. The goblin hits you but does no damage.
The ball python bites you.
You die...

#.#+#..# ####......##
#..#......)# #..#.....#.#
#######..#.#'#.#.#
.........#.#.#.#.##########
#.##.#.#.............
#......####..........
####@### ##.##......
......Sg)..# #.##......
####.......# #.##.#####
#l......# #.##.# #.##.####
#.##.# #. #.# #.##.# # #.#
..##+# #.# ..#


You could see a goblin, a ball python and a frilled lizard.

Vanquished Creatures
  A quokka (D:1)
  2 goblins (D:1)
  A rat (D:1)
4 creatures vanquished.

Notes
Turn   | Place    | Note
-------+----------+-------------------------------------------
     0 | D:1      | safid the Merfolk Ice Elementalist began the quest for the
                  | Orb.
     0 | D:1      | Reached XP level 1. HP: 13/13 MP: 3/3
   203 | D:1      | Slain by a ball python

Illustrated notes

Levels and vault maps discovered:
D:1:      lightli_arrival_noodles, layout_basic

Action                     || total
---------------------------++-------
  Melee: Dagger            ||    11
   Cast: Freeze            ||     2
 Armour: Robe              ||     4
  Dodge: Dodged            ||     9
